 Dungeon Sprint DCSS version 0.30.1-9-gdf580d7c3d (webtiles) character file.

Game seed: 13058246922212091015

276 Heoruswealwe the Spear-Bearer (level 6, -1/62 HPs)
             Began as a Minotaur Fighter on Oct 19, 2023.
             Was an Initiate of Gozag.
             Slain by a yak (6 damage)
             ... in the Dungeon (Sprint IX: "|||||||||||||||||||||||||||||").
             The game lasted 00:01:29 (117 turns).

Heoruswealwe the Spear-Bearer (Minotaur Fighter)     Turns: 117, Time: 00:01:30

Health: -1/62      AC:  8    Str: 22    XL:     6   Next: 4%
Magic:  5/5        EV:  9    Int:  5    God:    Gozag
Gold:   0          SH:  4    Dex: 10    Spells: 5/5 levels left

rFire   . . .        a - +0 trident
rCold   . . .        d - +0 buckler
rNeg    . . .        c - +0 scale mail
rPois   .            (helmet restricted)
rElec   .            (no cloak)
rCorr   .            (no gloves)
SInv    .            (no boots)
Will    .....        (no amulet) Stlth
                     (no ring)
HPRegen 0.30/turn    (no ring)
MPRegen 0.09/turn

%: no teleportation
@: gold aura
A: horns 2, retaliatory headbutt
a: Renounce Religion, Potion Petition, Call Merchant, Bribe Branch


You were in the Dungeon.
You worshipped Gozag.
Gozag was noncommittal.
You visited 1 branch

Inventory:

Hand Weapons
 a - a +0 trident (weapon)
Armour
 c - a +0 scale mail (worn)
 d - a +0 buckler (worn)
Jewellery
 k - a +3 ring of dexterity
 l - a +2 ring of evasion
Wands
 h - a wand of light (10)
Scrolls
 j - 2 scrolls of blinking
Potions
 b - a potion of might
 e - 5 potions of curing
 f - 3 potions of heal wounds
 g - a potion of haste
 i - a potion of berserk rage


   Skills:
 + Level 8.4 Fighting
 * Level 10.9 Polearms
 + Level 8.3 Armour
 - Level 3.6 Shields


You had 5 spell levels left.
You didn't know any spells.
Your spell library was empty.

Dungeon Overview and Level Annotations

Branches:
Dungeon (1/1)

Altars:
Cheibriados
Dithmenos
Elyvilon
Fedhas
Gozag
Hepliaklqana
Kikubaaqudgha
Makhleb
Nemelex Xobeh
Okawaru
Qazlal
Ru
Sif Muna
Trog
Uskayaw
Vehumet
Wu Jian
Xom
Yredelemnul
Zin
The Shining One
Jiyva
Lugonu


Innate Abilities, Weirdness & Mutations

You have a pair of horns on your head.
You reflexively headbutt those who attack you in melee.


Message History

You hit the shadow but do no damage. The shadow hits you.
You barely miss the shadow. The shadow hits you!
You hit the shadow.
The shadow is lightly damaged.
The shadow closely misses you.
You hit the shadow.
The shadow is moderately damaged.
You block the shadow's attack.
You puncture the shadow!
The shadow is severely damaged.
You hit the shadow. Your headbutt misses the shadow.
The shadow is severely damaged.
The shadow hits you!
* * * LOW HITPOINT WARNING * * *
The howler monkey hoots and howls with incredible vigour!
You hit the shadow but do no damage.
The shadow is severely damaged.
The howler monkey hoots and howls with incredible vigour!
The shadow closely misses you. You furiously retaliate!
You headbutt the shadow!
You destroy the shadow!
Your Fighting skill gained 2 levels and is now at level 8!
Your Polearms skill gained 2 levels and is now at level 10!
Your Armour skill gained 2 levels and is now at level 8!
You have reached level 5!
You have reached level 6!
You hit the yak.
The yak is lightly wounded.
The yak barely misses you.
You puncture the yak!
The yak is moderately wounded.
The yak gores you!
* * * LOW HITPOINT WARNING * * *
You hit the yak but do no damage.
The yak is moderately wounded.
You barely miss the yak.
The yak is moderately wounded.
The yak gores you.
You die...
Your body crumbles into a pile of gold. ▓▓▓▓▓▓▓▓▓▓▓▓▓▓▓▓▓▓▓▓▓▓▓▓ ..oKyhY@.[[[.)?!'_______ ▓▓▓▓▓▓▓▓▓▓▓▓▓▓▓▓▓▓▓▓▓▓▓▓ $ $$ $$$$$ $ $ $ $$$$$ $$$$$$

You could see a yak, an orc warrior, a kobold brigand, a howler monkey and a killer bee.

Vanquished Creatures
  A shadow (D)
  3 hounds (D)
  An iguana (D)
  An orc (D)
  A ball python (D)
  An endoplasm (D)
  A goblin (D)
  A kobold (D)
  A quokka (D)
11 creatures vanquished.

Notes
Turn   | Place    | Note
-------+----------+-------------------------------------------
     0 | D        | Heoruswealwe the Minotaur Fighter began the quest for the
                  | Orb.
     0 | D        | Reached XP level 1. HP: 19/19 MP: 0/0
     9 | D        | Reached skill level 3 in Polearms
    24 | D        | Reached skill level 4 in Polearms
    30 | D        | Noticed a hound
    30 | D        | Noticed a hound
    30 | D        | Noticed a hound
    30 | D        | Noticed an iguana
    42 | D        | Killed an iguana
    43 | D        | Reached skill level 5 in Fighting
    43 | D        | Reached skill level 5 in Polearms
    43 | D        | Reached skill level 5 in Armour
    43 | D        | Reached XP level 2. HP: 12/29 MP: 1/1
    43 | D        | Reached XP level 3. HP: 16/36 MP: 2/2
    46 | D        | Reached skill level 6 in Polearms
    51 | D        | Reached skill level 7 in Polearms
    51 | D        | Reached XP level 4. HP: 17/45 MP: 3/3
    56 | D        | Reached skill level 8 in Polearms
    62 | D        | Found a snail-covered altar of Cheibriados.
    62 | D        | Found a shadowy altar of Dithmenos.
    62 | D        | Found a white marble altar of Elyvilon.
    62 | D        | Found a blossoming altar of Fedhas.
    62 | D        | Found an opulent altar of Gozag.
    63 | D        | Found a hazy altar of Hepliaklqana.
    64 | D        | Found a viscous altar of Jiyva.
    65 | D        | Found an ancient bone altar of Kikubaaqudgha.
    66 | D        | Found a corrupted altar of Lugonu.
    67 | D        | Found a burning altar of Makhleb.
    68 | D        | Found a sparkling altar of Nemelex Xobeh.
    69 | D        | Found an iron altar of Okawaru.
    70 | D        | Became a worshipper of Gozag Ym Sagoz the Greedy
    71 | D        | Found a stormy altar of Qazlal.
    72 | D        | Found a sacrificial altar of Ru.
    73 | D        | Found a shimmering blue altar of Sif Muna.
    74 | D        | Found a bloodstained altar of Trog.
    75 | D        | Found a hide-covered altar of Uskayaw.
    76 | D        | Found a radiant altar of Vehumet.
    77 | D        | Found an ornate altar of the Wu Jian Council.
    78 | D        | Found a shimmering altar of Xom.
    79 | D        | Found a basalt altar of Yredelemnul.
    80 | D        | Found a glowing silver altar of Zin.
    81 | D        | Found a glowing golden altar of the Shining One.
   105 | D        | Noticed an orc warrior
   105 | D        | Noticed a kobold brigand
   105 | D        | Noticed a yak
   105 | D        | Noticed a shadow
   113 | D        | Killed a shadow
   114 | D        | Reached skill level 10 in Polearms
   114 | D        | Reached XP level 5. HP: 10/56 MP: 4/4
   114 | D        | Reached XP level 6. HP: 11/62 MP: 5/5
   117 | D        | Slain by a yak

Illustrated notes

Levels and vault maps discovered:
D:        linesprint [early_d, line_temple, items_1, d_10, items_2, lair_1,
          lair_end, items_3, orc_1, orc_end, items_4, d_15, swamp_1, shoals_1,
          snake_1, spider_1, d_20, vaults_1, items_5, swamp_end, shoals_end,
          snake_end, spider_end, vaults_end, d_27, items_6, zot_1, zot_end,
          crypt_end, forest_end, elf_end, slime_end, tomb_end, abyss_end,
          pan_hell_end]

Skill      XL: |  1  2  3  4 |
---------------+-------------+-----
Polearms       | 5 7 10 | 10.9
Fighting       | 5 6 8 |  8.4
Armour         | 5 6 8 |  8.3
Shields        | |  3.6

Action                     |  1- 3 |  4- 6 || total
---------------------------+-------+-------++-------
  Melee: Trident           |    39 |    17 ||    56
         Headbutt          |     4 |     1 ||     5
 Armour: Scale mail        |     9 |     3 ||    12
  Dodge: Dodged            |    15 |     3 ||    18
  Block: Buckler           |     9 |     1 ||    10
